 Dungeon Crawl Stone Soup version 0.29.1-1-gd02db69 (webtiles) character file.

Game seed: 505066324658035947

41967 samcosmo the Unseen (level 14, 0/91 HPs)
             Began as a Kobold Enchanter on Mar 28, 2023.
             Was an Elder of Dithmenos.
             Killed from afar by a frost giant (16 damage)
             ... with a bolt of cold
             ... in an ice cave on Mar 29, 2023.
             The game lasted 01:57:39 (23996 turns).

samcosmo the Unseen (Kobold Enchanter)             Turns: 23996, Time: 01:57:39

Health: 0/91       AC: 12    Str: 11    XL:     14   Next: 52%
Magic:  23/23      EV: 23    Int: 15    God:    Dithmenos [****..]
Gold:   1053       SH:  0    Dex: 25    Spells: 15/26 levels left

rFire   . . .      SeeInvis +   R - +2 dagger (drain)
rCold   + + .      Faith    .   (no shield)
rNeg    . . .      Spirit   .   s - +2 robe {rC+}
rPois   .          Reflect  .   U - +2 hood of the Assassin {Detection Stab+ Stlth++}
rElec   .          Harm     .   p - +1 cloak
rCorr   +          Rampage  .   J - +0 pair of gloves of Diempisi {rCorr Str+2}
Will    +++..                   e - +2 pair of boots Stlth *****+++++
                                x - amulet of Heresy {RegenMP Will++ Str+3 Int-2 SInv}
HPRegen 0.25/turn               B - ring of protection from cold
MPRegen 0.58/turn               m - +6 ring of dexterity

@: confusing by touch, about to teleport, wreathed by umbra
A: small, no large weapons, nightstalker 3
a: Renounce Religion, Shadow Step


You were in an ice cave.
You worshipped Dithmenos.
Dithmenos was greatly pleased with you.
You visited 2 branches of the dungeon, and saw 15 of its levels.
You also visited: Sewer and Ice Cave.

You collected 1053 gold pieces.

Inventory:

Hand Weapons
 C - the +7 spear of Foilaurph {freeze, Str+7}
   (You took it off an orc on level 5 of the Dungeon)

   It freezes those it strikes, dealing additional cold damage.
   It can also slow down cold-blooded creatures.
   Str:       It affects your strength (+7).
 R - a +2 dagger of draining (weapon)
Missiles
 G - 5 throwing nets (quivered)
Armour
 e - a +2 pair of boots (worn)
 j - an orb of wrath
 p - a +1 cloak (worn)
 s - a +2 robe of cold resistance (worn)
 y - a +3 leather armour of cold resistance
 E - a +0 pair of gloves
 J - the +0 pair of gloves of Diempisi (worn) {rCorr Str+2}
   (You found it on level 8 of the Dungeon)

   Str:       It affects your strength (+2).
   rCorr:     It protects you from acid and corrosion.
 Q - +0 steam dragon scales
 U - the +2 hood of the Assassin (worn) {Detection Stab+ Stlth++}
   (You acquired it on level 12 of the Dungeon)

   It allows the wearer to sense nearby creatures.
   It allows the wearer to make particularly effective stabbing attacks against
   helpless or unaware enemies with any weapon.
   Stlth:     It makes you much more stealthy.
Jewellery
 m - a +6 ring of dexterity (right hand)
 o - a +4 ring of slaying
 t - a ring of willpower
 x - the amulet of Heresy (around neck) {RegenMP Will++ Str+3 Int-2 SInv}
   (You acquired it on level 11 of the Dungeon)

   [amulet of magic regeneration]

   It increases your rate of magic regeneration.
   Str:       It affects your strength (+3).
   Int:       It affects your intelligence (-2).
   SInv:      It lets you see invisible.
   Will:      It greatly increases your willpower.
 A - a ring of wizardry
 B - a ring of protection from cold (left hand)
 D - a +6 ring of dexterity
 T - a ring of fire
Wands
 n - a wand of polymorph (17)
 w - a wand of roots (15)
 z - a wand of light (8)
 F - a wand of flame (59)
 I - a wand of paralysis (19)
 L - a wand of digging (9)
 O - a wand of mindburst (13)
Scrolls
 a - 6 scrolls of fog
 b - a scroll of silence
 h - a scroll of teleportation
 v - 2 scrolls of magic mapping
 H - 2 scrolls of fear
 K - 2 scrolls of immolation
Potions
 c - a potion of invisibility
 d - a potion of might
 f - 3 potions of degeneration
 g - 3 potions of cancellation
 i - 3 potions of haste
 k - 13 potions of curing
 l - 4 potions of mutation
 q - 6 potions of flight
 r - a potion of ambrosia
 u - a potion of magic
 M - 2 potions of resistance
 N - 2 potions of lignification
 S - 3 potions of heal wounds
 V - a potion of attraction


   Skills:
 + Level 11.8 Fighting
 - Level 15.4 Short Blades
 * Level 9.4 Dodging
 + Level 15.6 Stealth
 - Level 6.5 Spellcasting
 + Level 11.8 Hexes


You had 15 spell levels left.
You knew the following spells:

 Your Spells              Type           Power      Damage    Failure   Level
a - Ensorcelled Hibernat  Hex/Ice        44%        N/A       1%          2
b - Confusing Touch       Hex            40%        N/A       1%          3
c - Tukima's Dance        Hex            40%        N/A       1%          3
d - Dazzling Flash        Conj/Hex       44%        N/A       3%          3

Your spell library contained the following spells:

 Spells                   Type           Power      Damage    Failure   Level
 Inner Flame              Hex/Fire       22%        N/A       3%          3
 Summon Guardian Golem    Hex/Summ       22%        N/A       3%          3
 Anguish                  Hex/Necr       11%        N/A       12%         4
 Leda's Liquefaction      Hex/Erth       11%        N/A       12%         4
 Apportation              Tloc           8%         N/A       14%         1
 Foxfire                  Conj/Fire      16%        2x1d4     14%         1
 Necrotise                Necr           16%        1d4       14%         1
 Sandblast                Erth           8%         2d5       14%         1
 Summon Small Mammal      Summ           16%        N/A       14%         1
 Passwall                 Tmut/Erth      3%         N/A       22%         2
 Scorch                   Fire           8%         2d5       22%         2
 Summon Mana Viper        Hex/Summ       22%        N/A       34%         5
 Yara's Violent Unravell  Hex/Tmut       11%        3d6       34%         5
 Call Canine Familiar     Summ           4%         N/A       38%         3
 Conjure Flame            Conj/Fire      4%         6-21      38%         3
 Ignite Poison            Fire/Tmut/Pois 4%         N/A       38%         3
 Mephitic Cloud           Conj/Pois/Air  4%         N/A       38%         3
 Spider Form              Tmut/Pois      4%         N/A       38%         3
 Swiftness                Air            4%         N/A       38%         3
 Teleport Other           Tloc           4%         N/A       38%         3
 Animate Armour           Summ/Erth      8%         N/A       80%         4
 Flame Wave               Conj/Fire      4%         2d5       80%         4
 Hailstorm                Conj/Ice       4%         3d4       80%         4
 Ice Form                 Ice/Tmut       4%         N/A       80%         4
 Iskenderun's Mystic Bla  Conj/Tloc      4%         2d3       80%         4
 Passage of Golubria      Tloc           4%         N/A       80%         4
 Sticky Flame             Conj/Fire      4%         2d3       80%         4
 Summon Ice Beast         Ice/Summ       4%         N/A       80%         4
 Blade Hands              Tmut           2%         N/A       98%         5
 Borgnjor's Vile Clutch   Necr/Erth      2%         N/A       98%         5
 Freezing Cloud           Conj/Ice/Air   2%         6-21      98%         5
 Summon Forest            Summ/Tloc      2%         N/A       98%         5
 Eringya's Noxious Bog    Tmut/Pois      2%         N/A       100%        6
 Iron Shot                Conj/Erth      2%         9d2       100%        6
 Simulacrum               Ice/Necr       2%         N/A       100%        6
 Starburst                Conj/Fire      2%         6d3       100%        6
 Summon Cactus Giant      Summ           2%         N/A       100%        6
 Monstrous Menagerie      Summ           2%         N/A       100%        7
 Summon Hydra             Summ           2%         N/A       100%        7
 Borgnjor's Revivificati  Necr           2%         N/A       100%        8


Dungeon Overview and Level Annotations

Branches:
Dungeon (14/15)            Temple (1/1) D:4            Lair (0/5) D:9
    Orc (0/2) D:12         Vaults (0/5) D:14          Sewer (visited)
  IceCv (1/1)

Altars:
Ashenzari
Cheibriados
Dithmenos
Elyvilon
Fedhas
Gozag
Hepliaklqana
Kikubaaqudgha
Makhleb
Nemelex Xobeh
Okawaru
Qazlal
Ru
Sif Muna
Trog
Uskayaw
Vehumet
Wu Jian
Xom
Yredelemnul
Zin
The Shining One

Shops:
D:6 ![   D:7 ((   D:11 *   D:13 [

Annotations:
D:14 exclusion: upstairs, Rupert


Innate Abilities, Weirdness & Mutations

You are small and have problems with some larger weapons.
You are completely attuned to the shadows.


Message History

You start resting.
Magic restored.
You start resting.
Dithmenos accepts your kill.
You feel a bit more experienced.
You start resting.
HP restored.
A frost giant is nearby!
The frost giant hits you with a +1 battleaxe of freezing!!
The frost giant freezes you.
Casting: Confusing Touch (safe; 1% risk of failure)
Confirm with . or Enter, or press ? or * to list all spells.
Your hands begin to glow red.
The frost giant barely misses you.
You hit the frost giant but do no damage.
Your shadow hits the frost giant but does no damage.
You hit the frost giant but do no damage.
The frost giant hits you with a +1 battleaxe of freezing!!
The frost giant freezes you.
You hit the frost giant but do no damage.
You barely miss the frost giant.
The frost giant points at you and mumbles some strange words.
The bolt of cold misses you.
You hit the frost giant but do no damage.
You hit the frost giant but do no damage.
The frost giant casts a spell at you. The bolt of cold misses you.
You hit the frost giant but do no damage.
You hit the frost giant but do no damage.
The frost giant hits you with a +1 battleaxe of freezing!!
* * * LOW HITPOINT WARNING * * *
The frost giant freezes you.
* * * LOW HITPOINT WARNING * * *
As you read the scroll of teleportation, it crumbles to dust.
You feel strangely unstable. The frost giant barely misses you.
Your surroundings suddenly seem different.
As you read the scroll of teleportation, it crumbles to dust.
You feel strangely unstable.
The frost giant points at you and mumbles some strange words.
The bolt of cold hits you! You resist.
You die...

.#######....####
## ####....###
###....###
###....###
###....# ###..#
####..##
####....##
###.C..@.##
##...#.####
##..##### ###..##
##....###
#.......###
###.......### ####
##........##
...#######.......#


You could see a frost giant.

Vanquished Creatures
  A white draconian (IceCv)
  Snorg (D:13)
  2 boulder beetles
  3 hydras
  8 ice dragons (IceCv)
  2 two-headed ogres
  3 ironbound frosthearts (IceCv)
  A centaur warrior (D:14)
  A tengu warrior (D:13)
  Urug (D:14)
  The ghost of da312102 the Slasher, a novice HuGl (D:6)
  The ghost of LeafLetters the Grappler, a novice VSTm of Uskayaw (D:11)
  An orange crystal statue (IceCv)
  An orc knight (D:10)
  A deep elf pyromancer (D:13)
  A cyclops (D:13)
  4 ugly things (IceCv)
  3 manticores
  6 kobold demonologists
  6 rime drakes
  3 trolls
  The ghost of Ozzieoiler the Chopper, an amateur PaFi (D:5)
  8 polar bears (IceCv)
  The ghost of CumLord the Covered, an amateur DsFi (D:3)
  2 hornets
  Grinder (D:5)
  Prince Ribbit (D:7)
  3 centaur simulacra (D:11)
  3 shadows
  A vampire (D:11)
  5 wraiths
  2 humans (D:14)
  A basilisk (D:12)
  24 yaks
  A vampire mosquito (D:10)
  2 steam dragons
  2 water moccasins
  3 acid dragons
  8 orc warriors
  4 ice beasts
  2 black bears
  4 wolves
  3 ogres
  9 centaurs
  4 phantoms
  A bullfrog (D:6)
  16 kobold brigands
  Blork the orc (D:5)
  4 necrophages
  6 gnoll sergeants
  4 scorpions
  9 wights
  9 killer bees
  5 electric eels
  8 howler monkeys
  3 centaur zombies (D:10)
  Crazy Yiuf (D:2)
  20 hounds
  10 orc priests
  A human zombie (D:10)
  5 quasits
  5 gnoll boudas
  A jelly (D:6)
  Ijyb (D:4)
  4 iguanas
  8 orc wizards
  8 ogre zombies (D:12)
  A mummy (D:10)
  A howler monkey zombie (D:10)
  10 adders
  45 gnolls
  4 river rats (Sewer)
  A shadow imp (D:5)
  8 white imps
  3 ufetubi (D:5)
  A worm (D:3)
  5 dart slugs
  54 orcs
  8 ball pythons
  6 bats
  10 endoplasms
  4 giant cockroaches
  4 goblins
  18 hobgoblins
  11 jackals
  2 quokkas
  6 frilled lizards
  A goblin skeleton (D:12)
  A goblin zombie (D:12)
  A hobgoblin skeleton (D:12)
  A hobgoblin zombie (D:12)
  23 kobolds
  2 orc skeletons (D:12)
  19 orc zombies (D:12)
  7 rats
533 creatures vanquished.

Vanquished Creatures (collateral kills)
  3 killer bees (D:8)
3 creatures vanquished.

Vanquished Creatures (others)
  A dancing weapon (D:6)
  An ufetubus (D:6)
  4 demonic plants (D:5)
  53 plants
59 creatures vanquished.

Grand Total: 595 creatures vanquished

Notes
Turn   | Place    | Note
-------+----------+-------------------------------------------
     0 | D:1      | samcosmo the Kobold Enchanter began the quest for the Orb.
     0 | D:1      | Reached XP level 1. HP: 10/10 MP: 3/3
   228 | D:1      | Got Podar's Handbook of Charming Evil
   256 | D:1      | Found a faded altar of an unknown god.
   480 | D:1      | Reached XP level 2. HP: 16/16 MP: 5/5
   485 | D:1      | Learned a level 2 spell: Ensorcelled Hibernation
   624 | D:1      | Reached XP level 3. HP: 20/20 MP: 6/6
  1077 | D:2      | Reached skill level 1 in Fighting
  1135 | D:2      | Reached XP level 4. HP: 18/25 MP: 7/7
  1544 | D:2      | Got the Guide on the Petrified Voyage
  1611 | D:2      | Found a runed translucent door.
  1614 | D:2      | Noticed Crazy Yiuf
  1619 | D:2      | Killed Crazy Yiuf
  1620 | D:2      | Reached XP level 5. HP: 29/29 MP: 9/9
  1739 | D:2      | Learned a level 3 spell: Confusing Touch
  1743 | D:2      | Learned a level 3 spell: Tukima's Dance
  1824 | D:2      | Reached skill level 5 in Stealth
  1865 | D:2      | Reached XP level 6. HP: 35/35 MP: 7/10
  2039 | D:3      | Found a glowing drain.
  2044 | Sewer    | Entered a sewer
  3203 | D:3      | Found a transporter.
  3216 | D:3      | Found a transporter.
  3227 | D:3      | Noticed CumLord's ghost (amateur DsFi)
  3264 | D:3      | Reached XP level 7. HP: 31/40 MP: 7/12
  4010 | D:3      | Reached skill level 5 in Hexes
  4524 | D:3      | Learned a level 3 spell: Dazzling Flash
  5199 | D:4      | Noticed Ijyb
  5249 | D:4      | Killed Ijyb
  5256 | D:4      | Reached XP level 8. HP: 12/46 MP: 5/13
  5513 | D:4      | Found a staircase to the Ecumenical Temple.
  5520 | Temple   | Entered the Ecumenical Temple
  5650 | D:4      | Found an opulent altar of Gozag.
  6052 | D:5      | Entered Level 5 of the Dungeon
  6198 | D:3      | Killed CumLord's ghost
  6199 | D:3      | Reached skill level 5 in Short Blades
  6594 | D:5      | Noticed Blork the orc
  6603 | D:5      | Killed Blork the orc
  6654 | D:5      | Reached XP level 9. HP: 52/52 MP: 16/16
  6696 | D:5      | Noticed Grinder
  6715 | D:5      | Killed Grinder
  6716 | D:5      | Reached skill level 5 in Spellcasting
  7061 | D:5      | Found a runed translucent gate.
  7062 | D:5      | Found a runed translucent gate.
  7063 | D:5      | Found a runed translucent gate.
  7372 | D:5      | Reached skill level 5 in Fighting
  7580 | D:5      | Noticed Ozzieoiler's ghost (amateur PaFi)
  7593 | D:5      | Identified the +7 spear of Foilaurph {freeze, Str+7}
  7857 | D:5      | Killed Ozzieoiler's ghost
  8371 | D:6      | Reached XP level 10. HP: 55/59 MP: 13/18
  8476 | D:6      | Found a runed translucent gate.
  8478 | D:6      | Found a runed translucent gate.
  8478 | D:6      | Noticed da312102's ghost (novice HuGl)
  8877 | D:6      | Found Agom's Armour Shop.
  8877 | D:6      | Found Daohuifigo's Distillery.
  9219 | D:6      | Found a runed translucent gate.
  9623 | D:6      | Found a sparkling altar of Nemelex Xobeh.
  9726 | D:6      | Noticed a kobold demonologist
  9881 | D:7      | Found a glowing golden altar of the Shining One.
  9977 | D:7      | Found a shimmering altar of Xom.
 10073 | D:7      | Found Besutiur's Antique Weapon Shoppe.
 10289 | D:7      | Noticed Prince Ribbit
 10310 | D:7      | Killed Prince Ribbit
 10555 | D:7      | Found Isiymeh's Antique Weapon Boutique.
 11223 | D:7      | Found a sacrificial altar of Ru.
 11962 | D:8      | Reached skill level 10 in Stealth
 11968 | D:8      | Reached XP level 11. HP: 66/66 MP: 16/20
 12039 | D:8      | Reached skill level 10 in Short Blades
 12435 | D:8      | Identified the +0 pair of gloves of Diempisi {rCorr Str+2}
 13017 | D:8      | Found a burning altar of Makhleb.
 13976 | D:6      | Found Agom's Armour Shop.
 13977 | D:6      | Found Daohuifigo's Distillery.
 14066 | D:6      | Killed da312102's ghost
 14571 | D:6      | Found a sparkling altar of Nemelex Xobeh.
 15408 | D:9      | Found a shadowy altar of Dithmenos.
 15414 | D:9      | Became a worshipper of Dithmenos the Shadowed
 16101 | D:9      | Found a staircase to the Lair.
 16554 | D:9      | Reached XP level 12. HP: 75/75 MP: 15/21
 16908 | D:10     | Entered Level 10 of the Dungeon
 16931 | D:10     | Found a shimmering blue altar of Sif Muna.
 17092 | D:10     | Reached * piety under Dithmenos
 17493 | D:10     | Noticed a two-headed ogre
 17499 | D:10     | Killed a two-headed ogre
 18018 | D:10     | Found an iron altar of Okawaru.
 18133 | D:10     | Noticed a boulder beetle
 18143 | D:10     | Killed a boulder beetle
 18144 | D:10     | Reached skill level 10 in Hexes
 18318 | D:10     | Reached ** piety under Dithmenos
 18446 | D:10     | Found a basalt altar of Yredelemnul.
 18541 | D:11     | Identified a scroll of acquirement
 18541 | D:11     | Acquired the amulet of Heresy {RegenMP Will++ Str+3 Int-2
                  | SInv}
 18580 | D:11     | Found Abeud's Blasphemy Boutique.
 18879 | D:11     | Noticed a two-headed ogre
 18883 | D:11     | Killed a two-headed ogre
 19004 | D:11     | Reached XP level 13. HP: 82/82 MP: 22/22
 19205 | D:11     | Found a runed translucent gate.
 19206 | D:11     | Found a runed translucent gate.
 19207 | D:11     | Found a runed translucent gate.
 19216 | D:11     | Reached skill level 10 in Fighting
 19237 | D:11     | Noticed LeafLetters's ghost (novice VSTm)
 19267 | D:11     | Killed LeafLetters's ghost
 19268 | D:11     | Reached skill level 15 in Short Blades
 19927 | D:12     | Found a staircase to the Orcish Mines.
 19971 | D:12     | Reached *** piety under Dithmenos
 19972 | D:12     | Noticed a five-headed hydra
 19980 | D:12     | Killed a five-headed hydra
 20140 | D:12     | Acquired the +2 hood of the Assassin {Detection Stab+
                  | Stlth++}
 20140 | D:12     | Found the +2 hood of the Assassin {Detection Stab+ Stlth++}
 20210 | D:12     | Noticed a six-headed hydra
 20214 | D:12     | Killed a six-headed hydra
 20538 | D:12     | Reached **** piety under Dithmenos
 20862 | D:13     | Noticed Snorg
 20864 | D:13     | Noticed a seven-headed hydra
 20866 | D:13     | Killed Snorg
 20869 | D:13     | Killed a seven-headed hydra
 20870 | D:13     | Reached skill level 5 in Dodging
 21057 | D:13     | Noticed a boulder beetle
 21062 | D:13     | Killed a boulder beetle
 21107 | D:13     | Found Wiusushuiwn's Armour Shoppe.
 21527 | D:14     | Noticed Rupert
 21527 | D:14     | Noticed a centaur warrior
 21527 | D:14     | Noticed a centaur warrior
 21527 | D:14     | Noticed Urug
 21527 | D:14     | Noticed a five-headed hydra
 21527 | D:14     | Found a gate to the Vaults.
 21653 | D:14     | Killed a centaur warrior
 21774 | D:14     | Killed Urug
 21797 | D:14     | Found a frozen archway.
 21800 | D:14     | Noticed a centaur warrior
 21803 | IceCv    | Entered an ice cave
 21983 | IceCv    | Noticed an ice dragon
 21985 | IceCv    | Noticed an ice dragon
 21987 | IceCv    | Noticed an ice dragon
 22086 | IceCv    | Killed an ice dragon
 22092 | IceCv    | Killed an ice dragon
 22093 | IceCv    | Reached XP level 14. HP: 53/90 MP: 20/23
 22391 | IceCv    | Reached skill level 15 in Stealth
 22715 | IceCv    | Noticed a white draconian
 22733 | IceCv    | Killed a white draconian
 23732 | IceCv    | Noticed a frost giant
 23996 | IceCv    | Killed from afar by a frost giant

Illustrated notes

Levels and vault maps discovered:
D:1:      heliophobic_arrival_battle_scene, layout_basic,
          hellmonk_ecumenical_altar_slurped_away, chequers_garden,
          glass_columns_c, st_stairs_14, minmay_split_cup_small
D:2:      cheibrodos_pilgrimage, layout_rooms, minmay_tall_x,
          uniq_crazy_yiuf_cottage
D:3:      layout_basic, gammafunk_ghost_stat_death, portal_sewer_entry_e,
          minmay_fractal_squares_5
D:4:      layout_rooms, lemuel_doored_altar, temple_fountains, uniq_ijyb
D:5:      layout_loops_corners, biasface_ghost_orc_armoury, serial_demonic,
          serial_demonic_f, serial_demonic_d, serial_demonic_b,
          serial_demonic_d, uniq_grinder, uniq_blork_the_orc
D:6:      layout_cave_pools, old_standard_altar, gammafunk_ghost_nasty_kobolds,
          serial_gnoll_camp, gnoll_camp_mini_shop, gnoll_camp_mini_hut,
          gnoll_camp_mini_doghouse, gnoll_camp_huts_basic, gnoll_camp_medium_01,
          serial_shops, nicolae_shop_trees, st_stairs_14
D:7:      kennysheep_housing_project, layout_loops_corners, xom_teletrap_fun,
          nicolae_ru_awakened_eye, old_standard_altar, serial_shops,
          kennysheep_little_box, nicolae_shop_hallway_stairs,
          uniq_prince_ribbit1
D:8:      layout_cave_pods, makhleb_blood_cavern_becter,
          dreamdust_princess_bridge, minivault_19, st_stairs_11
D:9:      layout_stronghold, nicolae_dithmenos_shadow_blocks, erik_lair_island
D:10:     minmay_ornate_pinched, layout_irregular_city, general_overflow_altar,
          lemuel_mausoleum_altar_yredelemnul, nicolae_sif_muna_condensation
D:11:     layout_basic, gammafunk_ghost_icy, grunt_decor_cap, fountainhead,
          nicolae_evil_shop
D:12:     layout_loops_ring, zombieorc2_lemuel
D:13:     layout_roguey, serial_glass, glass_columns_c, glass_columns_c,
          serial_shops, nicolae_shop_temple_entry_statues_fountains, uniq_snorg
D:14:     wander_river, layout_loops_corners, david_vaults_3,
          nicolae_tso_carved_into_rock, portal_ice_cave_entry_pillars_three,
          uniq_rupert
Temple:   hellmonk_temple_two_chambers
IceCv:    ice_cave_small_giant

Skill      XL: |  1  2  3  4  5  6  7  8  9 10 11 12 13 14 |
---------------+-------------------------------------------+-----
Short Blades   | 2 3 4 5 6 9 12 14 15 | 15.4
Fighting       | 1 2 3 4 5 6 8 9 11 | 11.8
Stealth        | 5 6 7 8 10 12 13 14 15 | 15.6
Hexes          | 4 5 6 8 9 10 11 | 11.8
Spellcasting   | 3 4 5 6 |  6.5
Dodging        | 6 9 |  9.4

Action                   |  1- 3 |  4- 6 |  7- 9 | 10-12 | 13-15 || total
-------------------------+-------+-------+-------+-------+-------++-------
Melee: Dagger            |    80 |   156 |   402 |   711 |   425 ||  1774
       Punch             |       |     1 |     3 |     7 |     3 ||    14
 Cast: Ensorcelled Hiber |       |    13 |    27 |    60 |     1 ||   101
       Confusing Touch   |       |       |     5 |    35 |    40 ||    80
       Dazzling Flash    |       |       |     5 |    27 |     7 ||    39
       Tukima's Dance    |       |       |     2 |     5 |     2 ||     9
  Use: Scroll            |       |     8 |     5 |    14 |     7 ||    34
       Potion            |       |       |     7 |     1 |     3 ||    11
 Stab: Sleeping          |    19 |    20 |    36 |    66 |    37 ||   178
       Invisible         |       |       |     4 |    12 |     6 ||    22
       Distracted        |       |       |     3 |    12 |     8 ||    23
       Confused          |       |       |     8 |    33 |    35 ||    76
Armor: Robe              |    17 |    36 |    49 |   165 |    65 ||   332
       Leather armour    |       |       |   122 |       |       ||   122
Dodge: Dodged            |    56 |    95 |   433 |   479 |   262 ||  1325
